 Dungeon Crawl Stone Soup version 0.20.0-10-g0535bb4 (webtiles) character file.

28734 kuniqs the Fighter (level 13, -1/70 HPs)
             Began as a Vine Stalker Fighter on June 4, 2017.
             Was a High Priest of Ru.
             Slain by a five-headed hydra (2 damage)
             ... on level 2 of the Lair of Beasts.
             The game lasted 00:24:54 (11061 turns).

kuniqs the Fighter (Vine Stalker Fighter)          Turns: 11061, Time: 00:24:55

Health: -1/70      AC: 16    Str: 24    XL:     13   Next: 40%
Magic:  0/14       EV: 12    Int:  8    God:    Ru [*****.]
Gold:   1905       SH:  0    Dex: 14    Spells: 12/12 levels left

rFire    + + .     SeeInvis .   S - +2 battleaxe (flame)
rCold    . . .     Gourm    +   (shield currently unavailable)
rNeg     . . .     Faith    .   b - +0 plate armour
rPois    +         Spirit   +   t - +0 helmet
rElec    .         Reflect  .   (no cloak)
rCorr    .         Harm     .   (no gloves)
MR       +....                  F - +0 pair of boots
Stlth    ..........             u - amulet of the gourmand
Regen    1.1/turn               P - ring of protection from fire
MPRegen  0.2/turn               L - ring of protection from fire

@: no status effects
A: fangs 3, poison resistance, regeneration 2, screaming 1, magic shield,
antimagic bite, no potion heal 3, rot immunity, hated by all, no poison magic,
no summoning magic, no transmutations magic, unskilled 1, sturdy frame 1
a: Draw Out Power, Power Leap, Apocalypse, Renounce Religion


You were on level 2 of the Lair of Beasts.
You worshipped Ru.
Ru was extremely pleased with you.
You were very full.

You visited 3 branches of the dungeon, and saw 17 of its levels.
You also visited: Ossuary and Bailey.

You collected 1905 gold pieces.

Inventory:

Hand Weapons
 a - a cursed -1 hand axe of chopping
 l - the +8 mithril axe "Arga" {speed, MR+}
   (You took it off a goblin in a bailey)

   Attacks with this weapon are significantly faster.
   It affects your resistance to hostile enchantments.
 G - a +3 dagger of venom
 S - a +2 battleaxe of flaming (weapon)
Missiles
 p - 6 throwing nets (quivered)
Armour
 b - a +0 plate armour (worn)
 c - a +1 shield
 t - a +0 helmet (worn)
 F - a +0 pair of boots (worn)
Jewellery
 u - an amulet of the gourmand (around neck)
 L - a ring of protection from fire (right hand)
 M - an uncursed ring of positive energy
 P - a ring of protection from fire (left hand)
Wands
 y - a wand of polymorph (10/24)
 B - a wand of paralysis (6/24)
 K - a wand of polymorph (12/24)
 O - a wand of paralysis (15/24)
 Q - a wand of polymorph (10/24)
Scrolls
 g - 3 scrolls of magic mapping
 h - 4 scrolls of teleportation
 i - 2 scrolls of blinking
 j - a scroll of identify {@r1}
 m - 2 scrolls of recharging
 q - 6 scrolls of remove curse {@r2}
 s - 3 scrolls of fog
 w - a scroll of fear
 x - 4 scrolls of enchant armour
 D - a scroll of enchant weapon
 I - a scroll of immolation
 N - 2 scrolls of holy word
Potions
 k - a potion of agility
 o - a potion of mutation
 r - 3 potions of might
 v - a potion of lignification
 A - 7 potions of curing {@q1}
 C - a potion of berserk rage
 E - a potion of flight
 J - a potion of cancellation
Comestibles
 d - 12 bread rations
 e - 9 meat rations
 f - 9 fruits
 n - 9 royal jellies


   Skills:
 + Level 8.9 Fighting
 - Level 6.1 Short Blades
 + Level 5.7 Axes
 + Level 8.5 Armour
 + Level 7.8 Dodging
 + Level 8.8 Shields


You had 12 spell levels left.
You didn't know any spells.

Dungeon Overview and Level Annotations

Branches:
Dungeon (13/15)            Temple (1/1) D:7            Lair (3/6) D:10
    Orc (0/2) D:11
  Swamp: Lair:2-4    Shoals: Lair:2-4     Snake: Lair:2-4    Spider: Lair:2-4
 Vaults: D:13-14

Altars:
Ashenzari
Cheibriados
Dithmenos
Fedhas
Gozag
Hepliaklqana
Kikubaaqudgha
Makhleb
Nemelex Xobeh
Okawaru
Qazlal
Ru
Sif Muna
Trog
Vehumet
Xom
Yredelemnul
Zin
The Shining One

Shops:
D:7 *

Annotations:
D:12 1 exclusion
Lair:1 Gastronok


Innate Abilities, Weirdness & Mutations

You have razor-sharp teeth.
You heal very quickly.
You occasionally shout uncontrollably at your foes.
When hurt, damage is shared between your health and your magic reserves.
Your bite disrupts and absorbs the magic of your enemies.
Potions cannot restore your health.
You are immune to rotting.
You are hated by all.
You cannot study or cast Poison magic.
You cannot study or cast Summoning magic.
You cannot study or cast Transmutations magic.
You are somewhat unskilled. (-1 Apt)
Your system is resistant to poisons. (rPois)
Your movements are slightly less encumbered by armour. (ER -2)


Message History

* * * LOW HITPOINT WARNING * * *
The six-headed hydra bites you!
* * * LOW HITPOINT WARNING * * *
The six-headed hydra bites you but does no damage.
The six-headed hydra closely misses you.
The basilisk begins to attack, but is stunned by your will!
You see here 4 gold pieces.
You hit the fungus. You burn the fungus. You bite the fungus!
You drain its power.
The fungus is moderately damaged.
You lop one of the six-headed hydra's heads off!
The flame cauterises the wound!
You slash the five-headed hydra! You burn the five-headed hydra.
The five-headed hydra bites you!
* * * LOW HITPOINT WARNING * * *
The five-headed hydra bites you.
* * * LOW HITPOINT WARNING * * *
The five-headed hydra closely misses you.
The five-headed hydra bites you but does no damage.
The five-headed hydra bites you.
You die...

##..## ###. ###### #.+.P###
.#.#.###.##.######...... P
#............##P##....# .
#............##..+....# ##
#....)......#...P#....####.
#...........l.....<...'..##
...........D#####P....##..#
#.).......@.P# ##....###..
####....P#### ###+## #..
##......# #..####P #.....###
##...# ## ###...####
###.#.+## # #...!###.###
##.......# #
###P+#.#.#.(####......>.###
#.......[..##P#...>.....+..
#...........'....#........#.


You could see a five-headed hydra and a basilisk.

Vanquished Creatures
  2 hydras (Lair:2)
  Harold (Lair:1)
  3 two-headed ogres
  Urug (D:10)
  The ghost of maniacrov the Quickloader, a novice KoHu of Yredelemnul (D:9)
  Nergalle (D:10)
  An orc knight (Bailey)
  Pikel (D:7)
  A wolf spider zombie (D:11)
  3 cyclopes
  3 manticores
  Joseph (D:10)
  4 spiny frogs
  A gargoyle (D:12)
  3 trolls
  The ghost of Larmestyx the Ruffian, an amateur TrCj (D:5)
  5 hippogriffs
  5 slime creatures (D:12)
  A meliai zombie (D:13)
  Sigmund (D:6)
  A shadow (D:11)
  A wraith (D:13)
  A human (D:7)
  6 wyverns
  A basilisk (D:12)
  15 yaks
  4 hogs (D:7)
  A hungry ghost (D:12)
  3 water moccasins
  2 porcupines
  Duvessa (D:6)
  13 orc warriors
  2 ice beasts
  2 slaves (D:7)
  A black bear (D:12)
  3 phantoms
  5 sky beasts
  A necrophage (D:9)
  5 centaurs
  6 ogres
  3 crocodiles
  2 elf zombies (Ossuary)
  A gnoll sergeant (D:10)
  15 bullfrogs
  A water moccasin zombie (D:5)
  A wyvern zombie (D:13)
  6 scorpions
  Dowan (D:6)
  9 killer bees
  8 wights
  4 howler monkeys
  An electric eel (D:12)
  A bullfrog zombie (D:9)
  A centaur zombie (Ossuary)
  3 crimson imps
  A quasit (D:9)
  9 hounds
  2 jellies
  9 orc priests
  18 orc wizards
  A bullfrog skeleton (D:4)
  3 centaur skeletons
  8 iguanas
  Terence (D:3)
  7 worker ants
  Natasha (thrice) (D:3)
  A killer bee zombie (D:9)
  2 big kobold zombies (Ossuary)
  2 hound zombies
  2 mummies (Ossuary)
  A howler monkey zombie (D:10)
  A worker ant zombie (D:6)
  9 adders
  7 gnolls
  2 shadow imps
  4 adder zombies
  4 worms
  2 dart slugs
  2 leopard geckos
  68 orcs
  4 bats
  5 giant cockroaches
  10 hobgoblins
  8 jackals
  A quokka (D:11)
  A ball python (D:2)
  4 frilled lizards
  A giant cockroach zombie (D:6)
  13 goblins
  A goblin zombie (D:5)
  15 hobgoblin zombies (Ossuary)
  12 kobolds
  10 kobold zombies (Ossuary)
  4 orc zombies (Ossuary)
  2 quokka skeletons
  2 quokka zombies (D:5)
  8 rats
  A fungus (Lair:2)
442 creatures vanquished.

Vanquished Creatures (others)
  A hydra (D:11)
  A black mamba (Lair:1)
  A troll (D:13)
  A yak (D:12)
  An orc (D:12)
5 creatures vanquished.

Grand Total: 447 creatures vanquished

Notes
Turn   | Place    | Note
-------+----------+-------------------------------------------
     0 | D:1      | kuniqs the Vine Stalker Fighter began the quest for the Orb.
     0 | D:1      | Reached XP level 1. HP: 11/11 MP: 2/2
   201 | D:1      | Reached XP level 2. HP: 16/16 MP: 3/3
   838 | D:2      | Reached XP level 3. HP: 19/19 MP: 4/4
   951 | D:2      | Gained mutation: Your natural rate of healing is unusually fast. [Vine Stalker growth]
   951 | D:2      | Reached XP level 4. HP: 16/24 MP: 5/5
  1270 | D:2      | Reached skill level 1 in Dodging
  1419 | D:3      | Noticed Terence
  1431 | D:3      | Killed Terence
  1431 | D:3      | Reached XP level 5. HP: 22/28 MP: 3/6
  1682 | D:3      | Noticed Natasha
  1695 | D:3      | Killed Natasha
  1718 | D:3      | Noticed Natasha
  1729 | D:3      | Killed Natasha
  1734 | D:3      | Noticed Natasha
  1745 | D:3      | Killed Natasha
  1745 | D:3      | Reached XP level 6. HP: 29/32 MP: 4/7
  1799 | D:4      | Noticed a phantom
  1840 | D:4      | Killed a phantom
  1886 | D:4      | Reached XP level 7. HP: 37/37 MP: 8/8
  2419 | D:5      | Entered Level 5 of the Dungeon
  2523 | D:5      | Found a sand-covered staircase.
  2532 | Ossuary  | Entered an ossuary
  3090 | D:5      | Gained mutation: You have razor-sharp teeth. [Vine Stalker growth]
  3090 | D:5      | Reached XP level 8. HP: 40/42 MP: 9/9
  3292 | D:5      | Noticed Larmestyx's ghost (amateur TrCj)
  3298 | D:5      | Found a stormy altar of Qazlal.
  3312 | D:5      | Killed Larmestyx's ghost
  3472 | D:5      | Reached skill level 5 in Shields
  3755 | D:6      | Noticed Sigmund
  3795 | D:6      | Killed Sigmund
  3795 | D:6      | Reached skill level 5 in Armour
  3795 | D:6      | Reached XP level 9. HP: 44/46 MP: 10/10
  3862 | D:6      | Reached skill level 5 in Fighting
  3891 | D:6      | Reached skill level 5 in Short Blades
  4310 | D:6      | Noticed Dowan
  4311 | D:6      | Noticed Duvessa
  4329 | D:6      | Killed Dowan
  4352 | D:6      | Killed Duvessa
  4425 | D:6      | Found a basalt altar of Yredelemnul.
  4859 | D:7      | Found a radiant altar of Vehumet.
  4864 | D:7      | Reached XP level 10. HP: 49/53 MP: 9/11
  4869 | D:7      | Found an ancient bone altar of Kikubaaqudgha.
  4877 | D:7      | Reached skill level 5 in Dodging
  4886 | D:7      | Identified Kikubaaqudgha's Compendium of Dark Rituals
  4897 | D:7      | Found a deep blue altar of Sif Muna.
  4967 | D:7      | Noticed Pikel
  5029 | D:7      | Killed Pikel
  5065 | D:7      | Found a staircase to the Ecumenical Temple.
  5074 | Temple   | Entered the Ecumenical Temple
  5082 | Temple   | Became a worshipper of Ru the Awakened
  5344 | D:7      | Found Gloan's Goods Gallery.
  5353 | D:7      | Found a blossoming altar of Fedhas.
  5354 | D:7      | Found a glowing golden altar of the Shining One.
  5363 | D:7      | Found a shattered altar of Ashenzari.
  5363 | D:7      | Found a shadowy altar of Dithmenos.
  5369 | D:7      | Found a burning altar of Makhleb.
  5370 | D:7      | Found a glowing silver altar of Zin.
  5469 | D:8      | Found a hazy altar of Hepliaklqana.
  5790 | D:8      | Found a flagged portal.
  5795 | Bailey   | Entered a bailey
  5828 | Bailey   | Noticed an orc knight
  5848 | Bailey   | Killed an orc knight
  6208 | D:8      | Gained mutation: You are somewhat unskilled. (-1 Apt) [Ru sacrifice]
  6208 | D:8      | Reached * piety under Ru
  6208 | D:8      | Reached ** piety under Ru
  6500 | D:9      | Reached XP level 11. HP: 58/58 MP: 12/12
  6622 | D:9      | Reached skill level 1 in Axes
  6708 | D:9      | Found a shadowy altar of Dithmenos.
  6839 | D:9      | Noticed maniacrov's ghost (novice KoHu)
  6890 | D:9      | Killed maniacrov's ghost
  7310 | D:10     | Entered Level 10 of the Dungeon
  7547 | D:10     | Noticed Urug
  7552 | D:10     | Killed Urug
  7560 | D:10     | Found a blossoming altar of Fedhas.
  7658 | D:10     | Noticed Nergalle
  7669 | D:10     | Killed Nergalle
  7789 | D:10     | Found a staircase to the Lair.
  7887 | D:10     | Gained mutation: Your movements are slightly less encumbered by armour. (ER -2) [potion of mutation]
  7887 | D:10     | Gained mutation: Your system is resistant to poisons. (rPois) [potion of mutation]
  8301 | D:10     | Noticed Joseph
  8313 | D:10     | Killed Joseph
  8326 | D:10     | Gained mutation: You are hated by all. [Ru sacrifice]
  8326 | D:10     | Reached *** piety under Ru
  8481 | D:11     | Noticed a seven-headed hydra
  8524 | D:11     | Killed a seven-headed hydra
  8646 | D:11     | Found a staircase to the Orcish Mines.
  8851 | D:11     | Noticed a cyclops
  8880 | D:11     | Killed a cyclops
  8924 | D:11     | Noticed a two-headed ogre
  8925 | D:11     | Noticed a manticore
  8937 | D:11     | Killed a two-headed ogre
  8942 | D:11     | Killed a manticore
  8942 | D:11     | Gained mutation: You heal very quickly. [Vine Stalker growth]
  8942 | D:11     | Reached XP level 12. HP: 46/63 MP: 9/13
  9891 | D:12     | Gained mutation: You cannot study or cast Poison magic. [Ru sacrifice]
  9891 | D:12     | Gained mutation: You cannot study or cast Transmutations magic. [Ru sacrifice]
  9891 | D:12     | Gained mutation: You cannot study or cast Summoning magic. [Ru sacrifice]
  9891 | D:12     | Reached **** piety under Ru
  9962 | D:12     | Noticed a two-headed ogre
  9968 | D:12     | Killed a two-headed ogre
 10054 | D:12     | Noticed a two-headed ogre
 10060 | D:12     | Killed a two-headed ogre
 10060 | D:12     | Reached skill level 5 in Axes
 10209 | D:13     | Reached XP level 13. HP: 60/69 MP: 12/14
 10419 | Lair:1   | Entered Level 1 of the Lair of Beasts
 10419 | Lair:1   | Noticed Harold
 10430 | Lair:1   | Killed Harold
 10530 | Lair:1   | Noticed Gastronok
 10665 | Lair:2   | Identified the cursed +1 scale mail of the Moon {+Inv rPois rF+ Dex+3} (You found it on level 2 of the Lair of Beasts)
 10754 | Lair:2   | Gained mutation: You occasionally shout uncontrollably at your foes. [Ru sacrifice]
 10754 | Lair:2   | Reached ***** piety under Ru
 11061 | Lair:2   | HP: 3/70 [five-headed hydra (7)]
 11061 | Lair:2   | HP: 1/70 [five-headed hydra (2)]
 11061 | Lair:2   | Slain by a five-headed hydra

Skill      XL: |  1  2  3  4  5  6  7  8  9 10 11 12 |
---------------+-------------------------------------+-----
Short Blades   | 2 3 4 5 6 |  6.1
Shields        | 3 4 5 6 6 7 8 |  8.8
Fighting       | 3 4 5 6 7 8 |  8.9
Armour         | 3 4 5 6 7 8 |  8.5
Dodging        | 1 2 3 4 5 6 7 |  7.8
Axes           | 3 5 |  5.7

Action                   |  1- 3 |  4- 6 |  7- 9 | 10-12 | 13-15 || total
-------------------------+-------+-------+-------+-------+-------++-------
Melee: Rapier            |    61 |       |       |       |       ||    61
       Bite              |    22 |    35 |   199 |   307 |    53 ||   616
       Dagger            |    26 |   120 |   498 |   309 |     8 ||   961
       Broad axe         |       |       |       |   521 |    90 ||   611
       Battleaxe         |       |       |       |       |    19 ||    19
Invok: Sacrifice Skill   |       |       |       |     1 |       ||     1
       Sacrifice Love    |       |       |       |     1 |       ||     1
       Sacrifice Arcana  |       |       |       |     1 |       ||     1
       Sacrifice Purity  |       |       |       |       |     1 ||     1
Evoke: Wand              |       |       |       |     9 |     2 ||    11
  Use: Scroll            |       |       |       |    22 |     6 ||    28
       Potion            |       |       |       |     5 |       ||     5
 Stab: Paralysed         |       |       |       |     3 |       ||     3
       Distracted        |       |       |       |     2 |       ||     2
  Eat: Chunk             |       |    20 |    11 |    22 |     2 ||    55
Armor: Scale mail        |    48 |    24 |    88 |       |       ||   160
       Chain mail        |       |       |     5 |       |       ||     5
       Plate armour      |       |       |    25 |   277 |    72 ||   374
Dodge: Dodged            |    26 |    20 |   118 |   186 |    49 ||   399
Block: Shield            |    68 |    32 |   172 |   408 |    56 ||   736
